 Dungeon Crawl Stone Soup version 0.32-a0-913-g739538afd8 (webtiles) character file.

Game seed: 17554956400923444604

1801 hellokittymahmut the Thaumaturge (level 8, -6/44 HPs)
             Began as a Deep Elf Conjurer on Apr 9, 2024.
             Mangled by Duvessa
             ... wielding a +0 short sword
              (11 damage)
             ... on level 5 of the Dungeon on Apr 10, 2024.
             The game lasted 00:52:11 (7540 turns).

hellokittymahmut the Thaumaturge (DECj)             Turns: 7540, Time: 00:52:16

Health: -6/44      AC:  4    Str:  4    XL:     8   Next: 83%
Magic:  23/23      EV: 12    Int: 26    God:
Gold:   930        SH:  0    Dex: 13    Spells: 18/26 levels left

rFire   . . .        s - +4 quarterstaff (chaos)
rCold   . . .        (shield currently unavailable)
rNeg    . . .        o - +0 robe
rPois   .            k - +0 hat
rElec   .            t - +0 cloak
rCorr   .            q - +0 pair of gloves
SInv    .            (no boots)
Will    .....        (no amulet)
Stlth   +++          (no ring)
HPRegen 0.27/turn    (no ring)
MPRegen 0.18/turn

%: no passive effects
@: no status effects
A: no striking features
a: no special abilities


You were on level 5 of the Dungeon.
You visited 1 branch of the dungeon, and saw 5 of its levels.

You collected 930 gold pieces.

Inventory:

Hand Weapons
 h - a +0 morningstar
 j - a +3 flail of protection
 n - a +0 scythe
 s - a +4 quarterstaff of chaos (weapon)
Missiles
 e - 30 stones
 g - 5 poisoned darts (quivered)
Armour
 a - a +0 barding
 k - a +0 hat (worn)
 o - a +0 robe (worn)
 q - a +0 pair of gloves (worn)
 t - a +0 cloak (worn)
Talismans
 x - a flux talisman
Wands
 m - a wand of warping (3)
 r - a wand of paralysis (10)
Scrolls
 c - a scroll of blinking
 d - a scroll of enchant weapon
 f - a scroll of fear
 i - 2 scrolls of poison
 l - a scroll of identify
 v - 3 scrolls of teleportation
Potions
 p - 2 potions of curing
 u - a potion of mutation


   Skills:
 + Level 2.0 Fighting
 + Level 0.5(0.9) Maces & Flails
 + Level 1.3(1.5) Staves
 + Level 4.2 Dodging
 + Level 4.8 Stealth
 + Level 9.5 Spellcasting
 + Level 8.7 Conjurations
 + Level 0.9 Translocations
 + Level 1.2 Evocations


You had 18 spell levels left.
You knew the following spells:

 Your Spells              Type           Power      Damage    Failure   Level
a - Magic Dart            Conj           100%       1d8       1%          1
b - Searing Ray           Conj           100%       2d8       1%          2
c - Iskenderun's Mystic Conj/Tloc 37%            2d9        (+2d4     7%          4
d - Kiss of Death         Conj/Necr      100%       2d13      1%          1

Your spell library contained the following spells:

 Spells                   Type           Power      Damage    Failure   Level
 Fulminant Prism          Conj/Alch      17%        3d10      8%          4
 Confusing Touch          Hex            12%        N/A       14%         3
 Dispel Undead            Necr           12%        3d9       43%         4


Dungeon Overview and Level Annotations

Branches:
Dungeon (5/15)
 Temple: D:4-7

Altars:
Ashenzari
Trog

Shops:
D:1 (

Annotations:
D:5 Duvessa


Message History

The floor.
Casting: Searing Ray (safe; 1% risk of failure)
Confirm with . or Enter, or press ? or * to list all spells.
Restarting spell: Searing Ray (safe; 1% risk of failure)
Press: ? - help, Shift-Dir - straight line, f/p - Duvessa
Aim: Duvessa, wielding a +0 short sword, wearing a +0 ring mail and carrying a wand of flame (moderately wounded, berserk, fast, 87% to hit)
The searing ray hits Duvessa!
Duvessa is heavily wounded. (Press . to maintain the ray.) Duvessa completely misses you.
Casting: Searing Ray (safe; 1% risk of failure)
Confirm with . or Enter, or press ? or * to list all spells.
You erupt in a blast of force!
The mystic blast hits Duvessa.
Duvessa is heavily wounded.
Duvessa is knocked back by the mystic blast.
You hear a shout!
Casting: Iskenderun's Mystic Blast (dangerous; 7% risk of failure)
Confirm with . or Enter, or press ? or * to list all spells.
You don't have enough magic to cast this spell.
Casting: Iskenderun's Mystic Blast (dangerous; 7% risk of failure)
Confirm with . or Enter, or press ? or * to list all spells.
Aiming: Magic Dart (safe; 1% risk of failure)
Press: ? - help, Shift-Dir - straight line, f/p - Duvessa
Aim: Duvessa, wielding a +0 short sword, wearing a +0 ring mail and carrying a wand of flame (heavily wounded, berserk, fast, 100% to hit)
The magic dart hits Duvessa but does no damage.
Duvessa is heavily wounded.
Duvessa hits you with a +0 short sword! Magic courses through your body.
Duvessa hits you with a +0 short sword.
Aiming: Paralyse
Press: ? - help, Q - select action, (/) - cycle Shift-Dir - straight line, f/p - Duvessa
Aim: Duvessa, wielding a +0 short sword, wearing a +0 ring mail and carrying a wand of flame (heavily wounded, berserk, fast, chance to affect: 34%) Duvessa easily resists.
Duvessa barely misses you. Duvessa hits you with a +0 short sword!
* * * LOW HITPOINT WARNING * * *
Aiming: Paralyse
Press: ? - help, Q - select action, (/) - cycle Shift-Dir - straight line, f/p - Duvessa
Aim: Duvessa, wielding a +0 short sword, wearing a +0 ring mail and carrying a wand of flame (heavily wounded, berserk, fast, chance to affect: 34%) Duvessa easily resists.
Duvessa hits you with a +0 short sword!
You die...

#...#...#..#...# ...e..
#.#.#...#..#.... . .....
#.#.#...#..#...# .. ....
#.#.#.#....#...# ...#...
#.#.#.###....... .....
#.#.#..........# #...
#.#...###..#...#
...#.).###.#.#.###..#...#
.......e@...........#...#
.#.......................
#.............###.......
...#.............#
#.##....
.................#
#.##...#
#.......###.....#
#.##...#
#....##'###.....#
#.##....
###...............#
#.##...# #
....>............#
#.##.#.#


You could see Duvessa (berserk, fast).

Vanquished Creatures
  Pikel (D:5)
  Prince Ribbit (D:5)
  Sigmund (D:3)
  Edmund (D:4)
  A water moccasin (D:5)
  A phantom (D:5)
  3 lemures (D:5)
  2 scorpions
  Dowan (D:5)
  2 bombardier beetles
  Crazy Yiuf (D:3)
  An orc priest (D:5)
  5 hounds
  2 jellies (D:4)
  An iguana (D:4)
  Natasha (D:3)
  An orc wizard (D:5)
  3 adders
  A shadow imp (D:5)
  4 dart slugs
  11 orcs
  8 endoplasms
  3 giant cockroaches
  8 goblins
  9 hobgoblins
  7 jackals
  4 quokkas
  8 ball pythons
  4 bats
  A frilled lizard (D:2)
  5 kobolds
  5 rats
107 creatures vanquished.

Notes
Turn   | Place    | Note
-------+----------+-------------------------------------------
     0 | D:1      | hellokittymahmut the Deep Elf Conjurer began the quest for
                  | the Orb.
     0 | D:1      | Reached XP level 1. HP: 10/10 MP: 6/6
   206 | D:1      | Reached XP level 2. HP: 13/15 MP: 0/8
   276 | D:1      | Learned a level 2 spell: Searing Ray
   906 | D:1      | Reached skill level 5 in Conjurations
   955 | D:1      | Reached XP level 3. HP: 18/19 MP: 0/10
  1596 | D:1      | Found a faded altar of an unknown god.
  1665 | D:1      | Found Konen's Weapon Shoppe.
  2983 | D:3      | Noticed Sigmund
  2985 | D:3      | Reached XP level 4. HP: 24/24 MP: 0/11
  3138 | D:3      | Killed Sigmund
  3139 | D:3      | Reached skill level 5 in Spellcasting
  3139 | D:3      | Reached XP level 5. HP: 11/28 MP: 0/14
  4137 | D:3      | Noticed Natasha
  4142 | D:3      | Killed Natasha
  4143 | D:3      | Reached XP level 6. HP: 32/32 MP: 8/15
  4447 | D:3      | Found a runed translucent door.
  4448 | D:3      | Noticed Crazy Yiuf
  4456 | D:3      | Killed Crazy Yiuf
  4778 | D:3      | Learned a level 4 spell: Iskenderun's Mystic Blast
  4959 | D:4      | Reached skill level 6 in Spellcasting
  5682 | D:4      | Noticed Edmund
  5813 | D:4      | Killed Edmund
  5814 | D:4      | Reached XP level 7. HP: 21/37 MP: 1/19
  6003 | D:4      | Reached skill level 1 in Evocations
  6119 | D:4      | Reached skill level 7 in Spellcasting
  6300 | D:4      | Learned a level 1 spell: Kiss of Death
  6451 | D:5      | Entered Level 5 of the Dungeon
  6535 | D:5      | Found a broken altar of Ashenzari.
  6535 | D:5      | Found a bloodstained altar of Trog.
  6629 | D:5      | Reached skill level 1 in Fighting
  6845 | D:5      | Noticed Pikel
  6862 | D:5      | Killed Pikel
  6863 | D:5      | Reached skill level 8 in Spellcasting
  6863 | D:5      | Reached XP level 8. HP: 11/44 MP: 0/22
  7021 | D:5      | Identified a scroll of acquirement
  7023 | D:5      | Acquired 669 gold pieces
  7113 | D:5      | Reached skill level 1 in Staves
  7230 | D:5      | Reached skill level 9 in Spellcasting
  7419 | D:5      | Noticed Prince Ribbit
  7435 | D:5      | Killed Prince Ribbit
  7522 | D:5      | Noticed Duvessa
  7522 | D:5      | Noticed Dowan
  7532 | D:5      | Killed Dowan
  7540 | D:5      | Mangled by Duvessa

Illustrated notes

Levels and vault maps discovered:
D:1:      amcnicky_arrival_feature_with_door, layout_basic,
          shapermc_ecumenical_altar_petra, serial_shops,
          nicolae_shop_waterfront, minmay_tetromino_l4
D:2:      layout_rooms
D:3:      layout_loops_corners, minmay_pentomino_pile, uniq_crazy_yiuf_cottage,
          uniq_sigmund, uniq_natasha
D:4:      layout_loops_ring, uniq_edmund
D:5:      layout_basic, chequers_temple_overflow_statue_of_worship, uniq_pikel,
          uniq_duvessa, uniq_prince_ribbit1

Skill      XL: |  1  2  3  4  5  6  7  8 |
---------------+-------------------------+-----
Conjurations   | 5 6 7 8 |  8.7
Stealth        | 3 4 |  4.8
Dodging        | 3 4 |  4.2
Spellcasting   | 5 6 8 9 |  9.5
Evocations     | 1 |  1.2
Fighting       | 1 2 |  2.0
Staves         | 1 |  1.3
Maces & Flails | |  0.5
Translocations | |  0.9

Action                     |  1- 3 |  4- 6 |  7- 9 || total
---------------------------+-------+-------+-------++-------
  Melee: Unarmed           |     5 |       |       ||     5
         Morningstar       |     8 |       |       ||     8
         Quarterstaff      |       |     9 |     3 ||    12
   Cast: Magic Dart        |    44 |    26 |    37 ||   107
         Searing Ray       |    41 |    59 |    48 ||   148
         Iskenderun's Myst |       |       |     3 ||     3
  Evoke: Wand              |       |     1 |     2 ||     3
    Use: Scroll            |     3 |     4 |     3 ||    10
         Potion            |       |     1 |     1 ||     2
 Armour: Robe              |    14 |    18 |    18 ||    50
  Dodge: Dodged            |    18 |    17 |    17 ||    52

Table legend: (Time is in decaauts)
 A = Elapsed time spent in this place.
 B = Non-inter-level travel time spent in this place.
 C = Inter-level travel time spent in this place.
 D = Time resting spent in this place.
 E = Time spent auto-exploring this place.
 F = Levels seen in this place.
 G = Mean time per level.
                   A        B        C        D        E       F      G
               +--------+--------+--------+--------+--------+-----+--------+
         Total |   7544 |   7544 |      0 |   3295 |   1056 |   5 | 1508.8 |
       Dungeon |   7544 |   7544 |      0 |   3295 |   1056 |   5 | 1508.8 |
               +--------+--------+--------+--------+--------+-----+--------+

Top non-repeatable levels by time:
     D:1: 1888 daAuts
     D:3: 1861 daAuts
     D:4: 1673 daAuts
     D:5: 1089 daAuts
     D:2: 1031 daAuts
